 Dungeon Crawl Stone Soup version 0.32-a0-814-g0968bab981 (webtiles) character file.

Game seed: 8260133785109086345

862 snipermoke the Twirler (level 8, 0/48 HPs)
             Began as a Gargoyle Gladiator on Mar 22, 2024.
             Slain by a wyvern (7 damage)
             ... on level 5 of the Dungeon.
             The game lasted 00:06:57 (3912 turns).

snipermoke the Twirler (Gargoyle Gladiator)         Turns: 3912, Time: 00:06:59

Health: 0/48       AC: 16    Str: 20    XL:     8   Next: 2%
Magic:  11/11      EV: 10    Int:  9    God:
Gold:   215        SH:  0    Dex: 11    Spells: 11/11 levels left

rFire   + + .        a - +0 quarterstaff (protect)
rCold   . . .        (shield currently unavailable)
rNeg    + . .        B - +0 scale mail
rPois   ∞            c - +1 helmet
rElec   +            (no cloak)
rCorr   +            z - +0 pair of gloves
SInv    .            (no boots)
Will    +....        (no amulet) Stlth
                     i - ring of fire
HPRegen 0.28/turn    l - ring of willpower
MPRegen 0.12/turn

%: no passive effects
@: resistant
A: sickness immunity, AC +5, negative energy resistance 1, electricity
resistance, torment resistance 1, petrification resistance
a: no special abilities


You were on level 5 of the Dungeon.
You visited 1 branch of the dungeon, and saw 5 of its levels.

You collected 215 gold pieces.

Inventory:

Hand Weapons
 a - a +0 quarterstaff of protection (weapon)
 s - a +0 short sword
Missiles
 d - 3 throwing nets (quivered)
 e - a javelin
Armour
 c - a +1 helmet (worn)
 z - a +0 pair of gloves (worn)
 A - a +0 tower shield
 B - a +0 scale mail (worn)
Jewellery
 i - a ring of fire (left hand)
 l - a ring of willpower (right hand)
 v - a +4 ring of protection
Wands
 p - a wand of roots (2)
Scrolls
 j - 2 scrolls of noise
 t - a scroll of revelation
 x - a scroll of amnesia
Potions
 f - 2 potions of lignification
 g - 2 potions of cancellation
 h - a potion of magic
 o - a potion of brilliance {unknown}
 q - a potion of invisibility {unknown}
 u - a potion of ambrosia {unknown}


   Skills:
 * Level 3.9 Fighting
 * Level 6.3 Staves
 + Level 1.9 Throwing
 * Level 4.4 Armour
 * Level 3.4 Dodging
 * Level 0.5 Stealth
 * Level 2.2 Spellcasting
 + Level 0.3 Evocations


You had 11 spell levels left.
You didn't know any spells.
Your spell library contained the following spells:

 Spells                   Type           Power      Damage    Failure   Level
 Foxfire                  Conj/Fire      4%         2x1d4     65%         1
 Sandblast                Erth           0%         2d4       65%         1
 Inner Flame              Hex/Fire       1%         N/A       95%         3
 Stone Arrow              Conj/Erth      0%         3d7       95%         3
 Swiftness                Air            0%         N/A       95%         3
 Animate Armour           Summ/Erth      0%         N/A       100%        4
 Brom's Barrelling Bould  Conj/Erth      0%         2d3       100%        4
 Sticky Flame             Fire/Alch      1%         2d4       100%        4
 Iskenderun's Battlesphe  Conj           0%         2d6       100%        5
 Bombard                  Conj/Erth      0%         9d1       100%        6
 Spellforged Servitor     Conj/Summ      0%         N/A       100%        7
 Lehudib's Crystal Spear  Conj/Erth      0%         10d2      100%        8


Dungeon Overview and Level Annotations

Branches:
Dungeon (5/15)
 Temple: D:4-7

Altars:
Dithmenos
Gozag
Hepliaklqana
Kikubaaqudgha
Vehumet

Shops:
D:4 :

Annotations:
D:3 1 runed translucent door


Innate Abilities, Weirdness & Mutations

You are immune to sickness and miasma.
Your stone body is resilient. (AC +5)
You are immune to poison.
You resist negative energy. (rN+)
You are resistant to electric shocks. (rElec)
You are resistant to unholy torment.
You are immune to petrification.


Message History

The wyvern attacks as it pursues you! The wyvern barely misses you.
The wyvern bites you! The wyvern attacks as it pursues you!
The wyvern bites you.
You feel much better.
The wyvern bites you but does no damage.
The scorpion misses you.
The wyvern bites you but does no damage.
You barely miss the scorpion.
The scorpion stings you but does no damage.
The wyvern barely misses you.
You thump the scorpion!
Your weapon exudes an aura of protection.
The scorpion is severely wounded.
The scorpion stings you but does no damage.
The wyvern barely misses you.
The scorpion stings you but does no damage.
The wyvern closely misses you. The wyvern attacks as it pursues you!
The wyvern bites you but does no damage. x2
The wyvern bites you but does no damage.
The wyvern bites you!
You closely miss the scorpion.
The scorpion is severely wounded.
The scorpion completely misses you. The wyvern misses you.
The scorpion stings you but does no damage.
You sock the scorpion!
Your weapon exudes an aura of protection.
You kill the scorpion!
The wyvern bites you! The wyvern closely misses you.
You have reached level 8!
You feel clever.
You feel protected. The wyvern closely misses you.
The wyvern bites you but does no damage.
The wyvern barely misses you.
You see here a scorpion corpse.
The wyvern bites you!
* * * LOW HITPOINT WARNING * * *
The wyvern's inner flame fades away.
The wyvern bites you!
You die...

##.....#..........
#.................
#...............#####
###..###..#....=#...#
###.........#####...#
#....###.#.## ##...#
#....###.#.#####....#
##.....<.............#
#..#....#.....@k†....#
####..##..#.##########
#........##.#
#........##.#
##..^....##.#
#......###.#
##.......#.# #........
#.........


You could see a wyvern.

Vanquished Creatures
  An ogre (D:4)
  The ghost of tajemnic the Changeling, an amateur DrSh (D:3)
  A centaur (D:4)
  A phantom (D:4)
  A bullfrog (D:3)
  3 scorpions
  A bombardier beetle (D:4)
  A hound (D:5)
  2 iguanas (D:4)
  Natasha (thrice) (D:3)
  3 adders
  3 dart slugs
  3 ribbon worms
  An orc (D:2)
  6 endoplasms
  5 giant cockroaches
  12 goblins
  3 hobgoblins (D:3)
  3 jackals (D:3)
  5 quokkas
  8 ball pythons
  4 bats
  2 frilled lizards
  6 kobolds
  9 rats
88 creatures vanquished.

Notes
Turn   | Place    | Note
-------+----------+-------------------------------------------
     0 | D:1      | snipermoke the Gargoyle Gladiator began the quest for the
                  | Orb.
     0 | D:1      | Reached XP level 1. HP: 12/12 MP: 1/1
   193 | D:1      | Reached XP level 2. HP: 14/17 MP: 2/2
   429 | D:1      | Reached skill level 1 in Armour
   901 | D:2      | Reached XP level 3. HP: 21/22 MP: 3/3
  1211 | D:2      | Found a radiant altar of Vehumet.
  1561 | D:3      | Reached XP level 4. HP: 27/27 MP: 5/5
  1591 | D:3      | Found an ancient bone altar of Kikubaaqudgha.
  1679 | D:3      | Found a faded altar of an unknown god.
  1795 | D:3      | Got the Catalogue of Fire and Air
  1863 | D:3      | Noticed Natasha
  1871 | D:3      | Killed Natasha
  1872 | D:3      | Reached skill level 1 in Spellcasting
  1949 | D:3      | Reached skill level 4 in Staves
  2065 | D:3      | Found a runed translucent door.
  2079 | D:3      | Noticed a bullfrog
  2080 | D:3      | Noticed tajemnic's ghost (amateur DrSh)
  2093 | D:3      | Killed a bullfrog
  2094 | D:3      | Reached XP level 5. HP: 24/32 MP: 6/6
  2119 | D:3      | Killed tajemnic's ghost
  2120 | D:3      | Reached XP level 6. HP: 28/37 MP: 6/8
  2124 | D:3      | Found a runed translucent door.
  2232 | D:3      | Noticed a shadow
  2233 | D:3      | Found a shadowy altar of Dithmenos.
  2236 | D:3      | Found a hazy altar of Hepliaklqana.
  2303 | D:3      | Noticed Natasha
  2316 | D:3      | Killed Natasha
  2493 | D:3      | Noticed Natasha
  2504 | D:3      | Killed Natasha
  2748 | D:4      | Reached skill level 5 in Staves
  2857 | D:4      | Reached XP level 7. HP: 35/41 MP: 9/9
  3222 | D:4      | Found an opulent altar of Gozag.
  3323 | D:4      | Reached skill level 6 in Staves
  3513 | D:4      | Found Semn's Book Shop.
  3852 | D:5      | Entered Level 5 of the Dungeon
  3879 | D:5      | Noticed a wyvern
  3909 | D:5      | Reached XP level 8. HP: 15/48 MP: 11/11
  3912 | D:5      | Slain by a wyvern

Illustrated notes

Levels and vault maps discovered:
D:1:      kennysheep_arrival_forest, layout_basic, minmay_misc_feat_five,
          grunt_decor_cap, kennysheep_crisscross, st_stairs_14
D:2:      layout_loops_ring, basic_altar, hangedman_decor_points
D:3:      layout_loops_ring, kiku_gazebo_garden_becter,
          riverfiend_overflow_shadow_ancestor, ebering_ghost_sewer_f,
          shapermc_ecumenical_altar_gd, uniq_natasha
D:4:      layout_gridville, kennysheep_mini, serial_shops,
          nicolae_shop_waterfront, serial_bayou_crossing
D:5:      kennysheep_steamy, layout_rooms, amcnicky_altar_gilded,
          marbit_many_paths, mainiacjoe_overflow_cross_hatched,
          kennysheep_little_box, mainiacjoe_overflow_boulevard,
          mainiacjoe_overflow_chevrons, serial_shops, nicolae_shop_hallway_plus,
          serial_bayou_ford_a, solitary_fountain

Skill      XL: |  1  2  3  4  5  6  7 |
---------------+----------------------+-----
Armour         | 1 2 3 4 |  4.4
Spellcasting   | 1 2 |  2.2
Staves         | 4 5 6 |  6.3
Fighting       | 3 |  3.9
Dodging        | 3 |  3.4
Throwing       | |  1.9
Stealth        | |  0.5
Evocations     | |  0.3

Action                     |  1- 3 |  4- 6 |  7- 9 || total
---------------------------+-------+-------+-------++-------
  Melee: Quarterstaff      |   120 |   124 |    74 ||   318
  Throw: Throwing net      |       |     2 |     2 ||     4
  Evoke: Wand              |       |     5 |       ||     5
    Use: Scroll            |     7 |     4 |     3 ||    14
         Potion            |       |     1 |     2 ||     3
 Armour: Leather armour    |    76 |       |       ||    76
         Ring mail         |    17 |   117 |    46 ||   180
         Scale mail        |       |       |    31 ||    31
  Dodge: Dodged            |    73 |    94 |    55 ||   222

Table legend: (Time is in decaauts)
 A = Elapsed time spent in this place.
 B = Non-inter-level travel time spent in this place.
 C = Inter-level travel time spent in this place.
 D = Time resting spent in this place.
 E = Time spent auto-exploring this place.
 F = Levels seen in this place.
 G = Mean time per level.
                   A        B        C        D        E       F      G
               +--------+--------+--------+--------+--------+-----+--------+
         Total |   3957 |   3509 |    448 |      0 |   2621 |   5 |  791.4 |
       Dungeon |   3957 |   3509 |    448 |      0 |   2621 |   5 |  791.4 |
               +--------+--------+--------+--------+--------+-----+--------+

Top non-repeatable levels by time:
     D:4: 1355 daAuts
     D:3: 989 daAuts
     D:1: 874 daAuts
     D:2: 678 daAuts
     D:5: 59 daAuts
